 Dungeon Crawl Stone Soup version 0.23.2-1-ga50397a6bc (webtiles) character file.

Game seed: 15100919840778689521

142 Menchi the Shield-Bearer (level 5, -7/47 HPs)
             Began as a Gnoll Fighter on May 6, 2019.
             Killed by divine providence
             ... invoked by an orc priest
              (11 damage)
             ... on level 3 of the Dungeon.
             The game lasted 00:02:28 (1918 turns).

Menchi the Shield-Bearer (Gnoll Fighter)            Turns: 1918, Time: 00:02:28

Health: -7/47      AC:  9    Str: 24    XL:     5   Next: 24%
Magic:  7/7        EV: 10    Int: 11    God:
Gold:   129        SH:  0    Dex: 14    Spells: 6/6 levels left

rFire    . . .     SeeInvis +   h - +0 hand axe (curse)
rCold    . . .     Gourm    .   (no shield)
rNeg     . . .     Faith    .   b - +0 scale mail
rPois    .         Spirit   .   (no helmet)
rElec    .         Reflect  .   (no cloak)
rCorr    .         Harm     .   i - +0 pair of gloves
MR       .....                  (no boots)
Stlth    ..........             (no amulet)
HPRegen  0.15/turn              g - ring of see invisible
MPRegen  0.10/turn              (no ring)

@: mighty
A: distributed training, fangs 1, strong nose
a: no special abilities


You were on level 3 of the Dungeon.
You were hungry.

You visited 1 branch of the dungeon, and saw 3 of its levels.

You collected 129 gold pieces.

Inventory:

Hand Weapons
 a - a +0 long sword
 h - a cursed +0 hand axe (weapon)
Armour
 b - a +0 scale mail (worn)
 i - a +0 pair of gloves (worn)
Jewellery
 g - a ring of see invisible (left hand)
Scrolls
 c - a scroll of fear {unknown}
 e - 3 scrolls of identify {unknown}
 n - 2 scrolls of remove curse {unknown}
 p - 3 scrolls of noise {unknown}
 r - a scroll of magic mapping {unknown}
Potions
 j - a potion of haste {unknown}
 k - a potion of resistance {unknown}
 l - a potion of heal wounds {unknown}
 o - a potion of brilliance {unknown}
 q - a potion of magic {unknown}
Comestibles
 f - 3 rations
 m - 3 chunks of flesh


   Skills:
 + Level 6.6 Fighting
 + Level 1.4 Short Blades
 + Level 4.7 Long Blades
 + Level 1.4 Axes
 + Level 1.4 Maces & Flails
 + Level 1.4 Polearms
 + Level 1.4 Staves
 + Level 1.4 Slings
 + Level 1.4 Bows
 + Level 1.4 Crossbows
 + Level 1.4 Throwing
 + Level 6.6 Armour
 + Level 1.4 Dodging
 + Level 1.4 Stealth
 + Level 6.6 Shields
 + Level 1.4 Unarmed Combat
 + Level 1.4 Spellcasting
 + Level 1.1 Conjurations
 + Level 1.1 Hexes
 + Level 1.1 Charms
 + Level 1.1 Summonings
 + Level 1.1 Necromancy
 + Level 1.1 Translocations
 + Level 1.1 Transmutations
 + Level 1.1 Fire Magic
 + Level 1.1 Ice Magic
 + Level 1.1 Air Magic
 + Level 1.1 Earth Magic
 + Level 1.1 Poison Magic
 + Level 1.5 Invocations
 + Level 1.4 Evocations


You had 6 spell levels left.
You didn't know any spells.
Your spell library was empty.

Dungeon Overview and Level Annotations

Branches:
Dungeon (3/15)

Altars:


Innate Abilities, Weirdness & Mutations

Your experience applies equally to all skills.
You have very sharp teeth.
Your uncanny sense of smell can sniff out nearby items.


Message History

You are feeling hungry.
The orc priest barely misses you. The dart slug launches a dart at you.
The slug dart hits you.
The orc priest hits you with a +0 flail.
The orc hits you but does no damage.
You slash the orc priest!
The orc priest is almost dead.
You slash the orc!
You kill the orc!
The orc priest hits you but does no damage.
The orc priest calls down the wrath of Beogh upon you.
Beogh smites you!
* * * LOW HITPOINT WARNING * * *
You closely miss the orc priest.
The orc priest is almost dead.
You slash the dart slug!
The orc priest calls down the wrath of Beogh upon you.
Beogh smites you!
You die...

...# ...# .. ...#
#+######...##...
...#####...............
...##..#..........(..#
...##..#.............#
.......#.............#
....#.##.............#
....#......<....>)...#
...######.......@o...#
...<.. +...."..†wo..#
......# #...............
...##...................
...+ .......#######...≈≈
...# ....### ##≈≈≈ ...#
...?. ≈≈. ≈≈


You could see 2 orc priests and a dart slug.

Vanquished Creatures
  Natasha (twice) (D:2)
  An adder (D:3)
  An ooze (D:2)
  4 worms (D:2)
  3 dart slugs
  2 leopard geckos (D:1)
  3 orcs (D:3)
  12 bats
  2 giant cockroaches
  8 goblins
  3 hobgoblins
  A quokka (D:3)
  A ball python (D:3)
  3 frilled lizards
  6 kobolds
  8 rats
60 creatures vanquished.

Notes
Turn   | Place    | Note
-------+----------+-------------------------------------------
     0 | D:1      | Menchi the Gnoll Fighter began the quest for the Orb.
     0 | D:1      | Reached XP level 1. HP: 23/23 MP: 1/1
    71 | D:1      | Reached XP level 2. HP: 25/29 MP: 2/2
   971 | D:2      | Reached XP level 3. HP: 32/35 MP: 3/3
  1121 | D:2      | Reached skill level 1 in Invocations
  1360 | D:2      | Reached skill level 1 in Short Blades
  1360 | D:2      | Reached skill level 1 in Axes
  1360 | D:2      | Reached skill level 1 in Maces & Flails
  1360 | D:2      | Reached skill level 1 in Polearms
  1360 | D:2      | Reached skill level 1 in Staves
  1360 | D:2      | Reached skill level 1 in Slings
  1360 | D:2      | Reached skill level 1 in Bows
  1360 | D:2      | Reached skill level 1 in Crossbows
  1360 | D:2      | Reached skill level 1 in Throwing
  1360 | D:2      | Reached skill level 1 in Dodging
  1360 | D:2      | Reached skill level 1 in Stealth
  1360 | D:2      | Reached skill level 1 in Unarmed Combat
  1360 | D:2      | Reached skill level 1 in Spellcasting
  1360 | D:2      | Reached skill level 1 in Evocations
  1414 | D:2      | Reached XP level 4. HP: 36/41 MP: 5/5
  1428 | D:2      | Noticed Natasha
  1437 | D:2      | Killed Natasha
  1585 | D:2      | Noticed Natasha
  1597 | D:2      | Killed Natasha
  1597 | D:2      | Reached skill level 1 in Conjurations
  1597 | D:2      | Reached skill level 1 in Hexes
  1597 | D:2      | Reached skill level 1 in Charms
  1597 | D:2      | Reached skill level 1 in Summonings
  1597 | D:2      | Reached skill level 1 in Necromancy
  1597 | D:2      | Reached skill level 1 in Translocations
  1597 | D:2      | Reached skill level 1 in Transmutations
  1597 | D:2      | Reached skill level 1 in Fire Magic
  1597 | D:2      | Reached skill level 1 in Ice Magic
  1597 | D:2      | Reached skill level 1 in Air Magic
  1597 | D:2      | Reached skill level 1 in Earth Magic
  1597 | D:2      | Reached skill level 1 in Poison Magic
  1753 | D:3      | Reached XP level 5. HP: 47/47 MP: 6/6
  1918 | D:3      | Killed from afar by an orc priest

Skill      XL: |  1  2  3  4 |
---------------+-------------+-----
Invocations    | 1 |  1.5
Short Blades   | 1 |  1.4
Axes           | 1 |  1.4
Maces & Flails | 1 |  1.4
Polearms       | 1 |  1.4
Staves         | 1 |  1.4
Slings         | 1 |  1.4
Bows           | 1 |  1.4
Crossbows      | 1 |  1.4
Throwing       | 1 |  1.4
Dodging        | 1 |  1.4
Stealth        | 1 |  1.4
Unarmed Combat | 1 |  1.4
Spellcasting   | 1 |  1.4
Evocations     | 1 |  1.4
Conjurations   | 1 |  1.1
Hexes          | 1 |  1.1
Charms         | 1 |  1.1
Summonings     | 1 |  1.1
Necromancy     | 1 |  1.1
Translocations | 1 |  1.1
Transmutations | 1 |  1.1
Fire Magic     | 1 |  1.1
Ice Magic      | 1 |  1.1
Air Magic      | 1 |  1.1
Earth Magic    | 1 |  1.1
Poison Magic   | 1 |  1.1
Fighting       | |  6.6
Long Blades    | |  4.7
Armour         | |  6.6
Shields        | |  6.6

Action                   |  1- 3 |  4- 6 || total
-------------------------+-------+-------++-------
Melee: Long sword        |    25 |       ||    25
       Bite              |    11 |     8 ||    19
       Hand axe          |    67 |    70 ||   137
       Punch             |     1 |       ||     1
  Use: Potion            |       |     1 ||     1
  Eat: Chunk             |     1 |     2 ||     3
Armor: Scale mail        |    75 |    30 ||   105
Dodge: Dodged            |    72 |    52 ||   124
       Rpst.: Long sword |    10 |       ||    10
